 Dungeon Crawl Stone Soup version 0.26-a0-597-gb535b0901c (webtiles) character file.

Game seed: 6420488781228798557

21044 vurker the Stormcaller (level 12, -2/75 HPs)
             Began as a Tengu Air Elementalist on Sept 11, 2020.
             Was an Elder of Vehumet.
             Slain by a redback (8 damage)
             ... on level 2 of the Lair of Beasts.
             The game lasted 00:26:11 (19781 turns).

vurker the Stormcaller (Tengu Air Elementalist)    Turns: 19781, Time: 00:26:11

Health: -2/75      AC:  9    Str:  8    XL:     12   Next: 85%
Magic:  1/28       EV: 14    Int: 26    God:    Vehumet [****..]
Gold:   506        SH:  0    Dex: 16    Spells: 18/33 levels left

rFire    + . .     SeeInvis .   h - +0 short sword (venom)
rCold    . . .     Faith    .   (no shield)
rNeg     . . .     Spirit   .   y - +2 leather armour {rF+}
rPois    .         Reflect  .   (helmet restricted)
rElec    .         Harm     .   i - +2 cloak
rCorr    .                      n - +0 pair of gloves
MR       .....                  (boots unavailable)
Stlth    ++........             s - amulet of magic regeneration
HPRegen  0.22/turn              m - +6 ring of intelligence
MPRegen  0.46/turn              I - ring of wizardry

@: flying quickly and evasively, studying Fire Magic, quick
A: beak, talons 3, able to fly
a: Stop Flying, Renounce Religion


You were on level 2 of the Lair of Beasts.
You worshipped Vehumet.
Vehumet was greatly pleased with you.
You visited 2 branches of the dungeon, and saw 13 of its levels.

You collected 932 gold pieces.
You spent 426 gold pieces at shops.

Inventory:

Hand Weapons
 h - a +0 short sword of venom (weapon)
   (You took it off an orc on level 8 of the Dungeon)
 C - a +0 dagger of draining
   (You took it off Nergalle on level 11 of the Dungeon)
Armour
 i - a +2 cloak (worn)
   (You found it on level 9 of the Dungeon)
 n - a +0 pair of gloves (worn)
   (You found it on level 3 of the Dungeon)
 y - a +2 leather armour of fire resistance (worn)
   (You took it off Duvessa on level 6 of the Dungeon)
Jewellery
 m - a +6 ring of intelligence (left hand)
   (You found it on level 3 of the Dungeon)
 q - an uncursed ring of resist corrosion
   (You found it on level 3 of the Dungeon)
 s - an amulet of magic regeneration (around neck)
   (You found it on level 4 of the Dungeon)
 w - the ring of Qucej {+Fly Slay+2 Stlth+}
   (You found it on level 7 of the Dungeon)

   [ring of flight]

   It affects your accuracy and damage with ranged weapons and melee attacks
   (+2).
   It lets you fly.
   It makes you more stealthy.
 D - an uncursed ring of flight {unknown}
   (You found it on level 1 of the Lair of Beasts)
 H - an uncursed ring of see invisible
   (You found it on level 11 of the Dungeon)
 I - a ring of wizardry (right hand)
   (You found it on level 2 of the Lair of Beasts)
Wands
 v - a wand of digging (11)
   (You found it on level 4 of the Dungeon)
 x - a wand of acid (10)
   (You found it on level 11 of the Dungeon)
Scrolls
 a - 2 scrolls of enchant armour
 c - 10 scrolls of remove curse
 d - 4 scrolls of teleportation
 e - 5 scrolls of magic mapping
 g - 4 scrolls of fear
 r - 4 scrolls of amnesia
 u - 4 scrolls of blinking
 F - a scroll of fog
 G - a scroll of identify
Potions
 b - a potion of heal wounds {unknown}
 f - 2 potions of haste
 j - 7 potions of curing
 k - 2 potions of resistance
 l - 4 potions of lignification
 o - 3 potions of mutation
 p - a potion of invisibility
 t - a potion of cancellation
 B - 2 potions of flight {unknown}
 E - a potion of brilliance {unknown}
Books
 z - a manual of Fire Magic
   (You found it on level 10 of the Dungeon)
 A - a manual of Fire Magic
   (You found it on level 10 of the Dungeon)


   Skills:
 + Level 8.8 Fighting
 - Level 2.1 Dodging
 - Level 2.0 Stealth
 * Level 11.4 Spellcasting
 - Level 8.0 Conjurations
 * Level 7.6 Fire Magic
 * Level 15.6 Air Magic


You had 18 spell levels left.
You knew the following spells:

 Your Spells              Type           Power        Failure   Level
a - Shock                 Conj/Air       ####         1%          1
b - Lightning Bolt        Conj/Air       ######....   1%          5
c - Airstrike             Air            #######...   1%          4
z - Fireball              Conj/Fire      ######....   1%          5

Your spell library contained the following spells:

 Spells                   Type           Power        Failure   Level
 Swiftness                Air            #######.     0%          2
 Magic Dart               Conj           ####         1%          1
 Sandblast                Erth           ##....       1%          1
 Searing Ray              Conj           ######       1%          2
 Conjure Flame            Conj/Fire      ######..     1%          3
 Dazzling Flash           Conj/Hex       #####.       1%          3
 Mephitic Cloud           Conj/Pois/Air  ######..     1%          3
 Static Discharge         Conj/Air       ######..     1%          3
 Stone Arrow              Conj/Erth      #####.       1%          3
 Fulminant Prism          Conj/Hex       #####.....   1%          4
 Iskenderun's Mystic Bla  Conj/Tloc      #####...     1%          4
 Blink                    Tloc           N/A          3%          2
 Call Imp                 Summ           ##......     3%          2
 Passwall                 Tmut/Erth      ##......     3%          2
 Slow                     Hex            ##......     3%          2
 Lee's Rapid Deconstruct  Erth           ##........   17%         5
 Petrify                  Tmut/Erth      ##......     22%         4


Dungeon Overview and Level Annotations

Branches:
Dungeon (11/15)            Temple (0/1) D:7            Lair (2/6) D:9
 Spider (0/4) Lair:2          Orc (0/2) D:11
  Swamp: Lair:2-4    Shoals: Lair:2-4

Altars:
Ashenzari
Elyvilon
Kikubaaqudgha
Ru
Sif Muna
Vehumet
Wu Jian
Xom

Shops:
D:8 ?   D:10 *   D:11 =

Portals:
Trove: D:11 (give 15 scrolls of teleportation)


Innate Abilities, Weirdness & Mutations

You have a beak for a mouth.
You have claws for feet.
You can fly continuously.


Message History

You are caught in a web!
The jumping spider bites you but does no damage.
The jumping spider pounces on you but does no damage.
The jumping spider bites you.
* * * LOW HITPOINT WARNING * * *
The jumping spider closely misses you.
The jumping spider bites you but does no damage.
The jumping spider barely misses you. x2
The jumping spider pounces on you but does no damage.
The jumping spider barely misses you.
The jumping spider leaps!
You feel better.
The jumping spider closely misses you. x2
The jumping spider leaps!
The jumping spider leaps!
There is a stone staircase leading up, spattered with blood here.
The jumping spider leaps!
The jumping spider barely misses you.
The jumping spider bites you but does no damage.
The jumping spider leaps!
Okay, then.
The jumping spider leaps!
The fireball explodes!
The fireball engulfs the jumping spider!
The jumping spider pounces on you.
* * * LOW HITPOINT WARNING * * *
The jumping spider bites you but does no damage.
The fireball explodes!
The fireball engulfs the jumping spider!
You kill the jumping spider!
Vehumet accepts your kill.
You feel your power returning.
The jumping spider leaps!
The jumping spider leaps!
The jumping spider misses you.
The jumping spider bites you but does no damage.
The jumping spider pounces on you but does no damage.
The jumping spider bites you!
* * * LOW HITPOINT WARNING * * *
Okay, then.
The jumping spider leaps!
Aim: a jumping spider (heavily wounded)
The fireball explodes!
The fireball engulfs the jumping spider!
You kill the jumping spider!
Vehumet accepts your kill.
You feel your power returning.
You hear an angry hiss.
Aim: a redback (wandering, hasn't noticed you)
The fireball explodes!
The fireball engulfs the redback!
Aim: a redback (severely wounded)
The zap hits the redback.
The redback bites you!
You die...

......##.....#.#.....###.....####
.........#..#.#.....#.#..#....###
................#.....#.......+..
..........⌠...+.#.⌠.#.+...⌠......
..............#.........)........
......#..#.#....#...#.#.###...###
P.#....#.....###.....###......#.#
..#...###.##.#.###..##.###..##.##
...............#@†..#........###
................s....#.#....##
...............#⌠.<.⌠..#....#
.........†##...#............#
..#####P..###..##.§.##.#....#####
..#.P.......#####.####.......##..
............# #..# #.#....###.P
.....†####### #P## ###.....##.P
#....## ### #........P


You could see a redback.

Vanquished Creatures
  A fire giant (D:10)
  Fannar (D:11)
  A hydra (Lair:1)
  A two-headed ogre (D:10)
  3 skeletal warriors (D:11)
  Nergalle (D:11)
  2 statues (D:11)
  2 cyclopes (D:11)
  A cane toad (Lair:1)
  4 jumping spiders (Lair:2)
  A troll (D:8)
  Grinder (D:6)
  A meliai zombie (D:11)
  3 hippogriffs
  4 blink frogs (Lair:1)
  8 yaks
  6 fire bats (D:10)
  A wyvern (D:11)
  4 basilisks
  Eustachio (D:4)
  Menkaure (D:5)
  A soldier ant (D:9)
  2 acid dragons (D:11)
  3 water moccasins
  Duvessa (D:6)
  4 porcupines
  4 sky beasts
  A hornet zombie (D:9)
  10 orc warriors
  2 phantoms (D:7)
  6 ice beasts
  3 ogres
  6 wolves (Lair:2)
  2 centaurs
  3 big kobolds
  A crocodile (Lair:1)
  14 bullfrogs
  Dowan (D:6)
  A water moccasin zombie (D:11)
  7 scorpions
  6 killer bees (D:10)
  3 howler monkeys
  A jelly (D:9)
  2 centaur zombies
  Crazy Yiuf (D:5)
  5 bullfrog zombies
  A centaur skeleton (D:7)
  5 hounds
  7 orc wizards
  5 orc priests
  3 bullfrog skeletons
  7 worker ants
  4 iguanas
  A killer bee zombie (D:8)
  20 gnolls
  A worker ant zombie (D:9)
  15 adders
  4 shadow imps
  2 white imps
  An ufetubus (D:5)
  An ooze (D:4)
  An adder zombie (D:6)
  An adder skeleton (D:4)
  A worm (D:3)
  A dart slug (D:2)
  6 leopard geckos
  50 orcs
  5 giant cockroaches
  6 goblins
  14 hobgoblins
  8 jackals
  8 quokkas
  3 ball pythons
  9 bats
  6 frilled lizards
  2 jackal skeletons (D:3)
  17 kobolds
  14 rats
  3 bushes (D:11)
370 creatures vanquished.

Vanquished Creatures (others)
  A bush (D:11)
  26 fungi
  31 plants
58 creatures vanquished.

Grand Total: 428 creatures vanquished

Notes
Turn   | Place    | Note
-------+----------+-------------------------------------------
     0 | D:1      | vurker the Tengu Air Elementalist began the quest for the
                  | Orb.
     0 | D:1      | Reached XP level 1. HP: 10/10 MP: 4/4
   143 | D:1      | Reached XP level 2. HP: 16/16 MP: 1/6
   449 | D:1      | Reached skill level 1 in Fighting
   449 | D:1      | Reached XP level 3. HP: 20/20 MP: 2/7
  1426 | D:2      | Reached XP level 4. HP: 25/25 MP: 1/9
  1498 | D:2      | Reached skill level 5 in Air Magic
  2935 | D:3      | Gained mutation: You can fly continuously. [Tengu growth]
  2935 | D:3      | Reached XP level 5. HP: 29/29 MP: 5/10
  3426 | D:3      | Found a sacrificial altar of Ru.
  3496 | D:3      | Reached XP level 6. HP: 35/35 MP: 10/12
  3504 | D:3      | Learned a level 5 spell: Lightning Bolt
  3509 | D:3      | Learned a level 4 spell: Airstrike
  3599 | D:3      | Reached skill level 6 in Air Magic
  4157 | D:4      | Noticed Eustachio
  4157 | D:4      | Noticed a sky beast
  4269 | D:3      | Killed a sky beast
  4543 | D:4      | Killed Eustachio
  4543 | D:4      | Reached XP level 7. HP: 27/40 MP: 5/14
  4549 | D:4      | Reached skill level 7 in Air Magic
  4942 | D:4      | Found a shimmering altar of Xom.
  5047 | D:4      | Found a white marble altar of Elyvilon.
  5105 | D:4      | Found an ornate altar of the Wu Jian Council.
  5245 | D:4      | Found a shattered altar of Ashenzari.
  5298 | D:5      | Entered Level 5 of the Dungeon
  5621 | D:5      | Found a runed translucent door.
  5622 | D:5      | Noticed Crazy Yiuf
  5667 | D:5      | Noticed Menkaure
  5669 | D:5      | Killed Menkaure
  5669 | D:5      | Reached skill level 5 in Spellcasting
  5669 | D:5      | Reached XP level 8. HP: 46/46 MP: 7/16
  5718 | D:5      | Reached skill level 8 in Air Magic
  6150 | D:5      | Killed Crazy Yiuf
  6416 | D:6      | Reached skill level 5 in Conjurations
  6652 | D:6      | Noticed Grinder
  6669 | D:6      | Killed Grinder
  6669 | D:6      | Reached skill level 9 in Air Magic
  6832 | D:6      | Noticed Duvessa
  6832 | D:6      | Noticed Dowan
  6837 | D:6      | Killed Duvessa
  6850 | D:6      | Killed Dowan
  6850 | D:6      | Reached XP level 9. HP: 19/52 MP: 3/19
  7389 | D:6      | Found a shimmering blue altar of Sif Muna.
  7405 | D:6      | Found a radiant altar of Vehumet.
  7574 | D:6      | Became a worshipper of Vehumet
  7837 | D:6      | Found a shimmering blue altar of Sif Muna.
  7843 | D:6      | Found a radiant altar of Vehumet.
  8850 | D:7      | Got a twitching tin ring
  8852 | D:7      | Identified the ring of Qucej {+Fly Slay+2 Stlth+} (You
                  | found it on level 7 of the Dungeon)
  9088 | D:7      | Found a staircase to the Ecumenical Temple.
  9128 | D:7      | Reached skill level 10 in Air Magic
  9251 | D:7      | Reached skill level 5 in Fighting
  9407 | D:7      | Reached * piety under Vehumet
  9407 | D:7      | Offered knowledge of Magic Dart by Vehumet.
  9641 | D:8      | Found Wiveruff's Magic Scroll Shoppe.
  9768 | D:8      | Reached XP level 10. HP: 49/59 MP: 9/22
  9851 | D:8      | Bought a scroll of magic mapping for 45 gold pieces
  9851 | D:8      | Bought a scroll of blinking for 97 gold pieces
  9851 | D:8      | Bought a scroll of blinking for 97 gold pieces
  9851 | D:8      | Bought a scroll of enchant armour for 97 gold pieces
  9851 | D:8      | Bought a scroll of fear for 45 gold pieces
  9851 | D:8      | Bought a scroll of magic mapping for 45 gold pieces
 10189 | D:8      | Reached skill level 11 in Air Magic
 10845 | D:9      | Offered knowledge of Foxfire by Vehumet.
 10935 | D:9      | Reached ** piety under Vehumet
 11449 | D:9      | Found an ancient bone altar of Kikubaaqudgha.
 11520 | D:9      | Reached skill level 12 in Air Magic
 11609 | D:9      | Offered knowledge of Frozen Ramparts by Vehumet.
 11757 | D:9      | Found a staircase to the Lair.
 11926 | D:10     | Entered Level 10 of the Dungeon
 12025 | D:10     | Reached *** piety under Vehumet
 12028 | D:10     | Noticed a fire giant
 12484 | D:10     | Reached XP level 11. HP: 66/66 MP: 3/25
 12667 | D:10     | Offered knowledge of Sticky Flame by Vehumet.
 12822 | D:10     | Reached skill level 13 in Air Magic
 13019 | D:10     | Killed a fire giant
 13319 | D:10     | Noticed a two-headed ogre
 13323 | D:10     | Killed a two-headed ogre
 13430 | D:10     | Found Tefymmia's General Store.
 13696 | D:11     | Found Ussuji's Jewellery Shoppe.
 13701 | D:11     | Noticed Fannar
 13721 | D:11     | Killed Fannar
 13721 | D:11     | Reached skill level 10 in Spellcasting
 13721 | D:11     | Reached skill level 1 in Fire Magic
 13819 | D:11     | Noticed Nergalle
 13961 | D:11     | Killed Nergalle
 13961 | D:11     | Reached skill level 14 in Air Magic
 14106 | D:11     | Noticed an archer statue
 14158 | D:11     | Reached **** piety under Vehumet
 14438 | D:11     | Noticed a cyclops
 14443 | D:11     | Killed a cyclops
 14795 | D:11     | Found a portal to a secret trove of treasure.
 14860 | D:11     | Found a staircase to the Orcish Mines.
 14871 | D:11     | Noticed a skeletal warrior
 14876 | D:11     | Identified the cursed +0 leather armour of the Hanged Man
                  | {-Cast rElec Regen+}
 14876 | D:11     | Noticed a skeletal warrior
 14924 | D:11     | Killed a skeletal warrior
 14924 | D:11     | Offered knowledge of Fireball by Vehumet.
 14924 | D:11     | Reached XP level 12. HP: 73/73 MP: 6/27
 14931 | D:11     | Learned a level 5 spell: Fireball
 15938 | D:11     | Reached skill level 5 in Fire Magic
 18085 | D:11     | Reached skill level 15 in Air Magic
 18332 | Lair:1   | Entered Level 1 of the Lair of Beasts
 18332 | Lair:1   | Noticed an eight-headed hydra
 18336 | Lair:1   | Killed an eight-headed hydra
 19515 | Lair:2   | Found a hole to the Spider Nest.
 19761 | Lair:2   | HP: 2/75 [jumping spider (5)]
 19781 | Lair:2   | Slain by a redback

Illustrated notes

Levels and vault maps discovered:
D:1:      saegor_arrival_simple_a, layout_rooms
D:2:      layout_loops_corners
D:3:      layout_basic, kennysheep_cross_room, hangedman_ru_absence
D:4:      layout_gridville, nicolae_overflow_quartered_altars, uniq_eustachio
D:5:      layout_basic, uniq_menkaure, uniq_crazy_yiuf_cottage
D:6:      layout_basic, minitemple, uniq_grinder, uniq_duvessa
D:7:      layout_rooms, minmay_temple_entry_offerings, grunt_ministairs_5
D:8:      cheibrodos_barr_body, layout_loops_ring, serial_shops, shop_fountains
D:9:      layout_roguey, lemuel_round_altar, grunt_lair_entry_orc_guard_hut
D:10:     minmay_firetagon, layout_irregular_city, serial_shops,
          nicolae_shop_trees
D:11:     layout_basic, orc_david_3, trove_entry_hex_spiral, serial_shops, shop,
          minmay_dual_archer_statues, uniq_nergalle, uniq_fannar
Lair:1:   layout_roguey, chequers_serial_rivers_micro_d
Lair:2:   layout_gridlike, minmay_shoals_entry_beasts,
          nicolae_spider_entry_tight_spaces, grunt_megastairs_1

Skill      XL: |  1  2  3  4  5  6  7  8  9 10 11 12 |
---------------+-------------------------------------+-----
Fighting       | 1 2 3 4 5 6 7 8 |  8.8
Conjurations   | 2 3 4 5 8 |  8.0
Air Magic      | 5 6 7 9 10 12 14 15 | 15.6
Spellcasting   | 3 4 5 6 7 9 10 11 | 11.4
Fire Magic     | 4 7 |  7.6
Dodging        | |  2.1
Stealth        | |  2.0

Action                   |  1- 3 |  4- 6 |  7- 9 | 10-12 || total
-------------------------+-------+-------+-------+-------++-------
Melee: Unarmed           |    13 |       |       |       ||    13
       Peck              |     2 |       |     1 |     4 ||     7
       Kick              |     2 |       |     4 |     3 ||     9
       Short sword       |       |     1 |    12 |    13 ||    26
 Cast: Shock             |    74 |   141 |    35 |    26 ||   276
       Airstrike         |       |     3 |   126 |   343 ||   472
       Lightning Bolt    |       |       |       |    24 ||    24
       Fireball          |       |       |       |    35 ||    35
 Abil: Fly               |       |     1 |       |       ||     1
  Use: Scroll            |       |       |    15 |     8 ||    23
       Potion            |       |       |     1 |     2 ||     3
Armor: Robe              |    12 |     2 |     2 |       ||    16
       Leather armour    |       |       |     1 |    32 ||    33
Dodge: Dodged            |    27 |    24 |    29 |    81 ||   161

Table legend: (Time is in decaauts)
 A = Elapsed time spent in this place.
 B = Non-inter-level travel time spent in this place.
 C = Inter-level travel time spent in this place.
 D = Time resting spent in this place.
 E = Time spent auto-exploring this place.
 F = Levels seen in this place.
 G = Mean time per level.
                   A        B        C        D        E       F      G
               +--------+--------+--------+--------+--------+-----+--------+
         Total |  19033 |  18353 |    680 |   2270 |  13967 |  13 | 1464.1 |
       Dungeon |  17678 |  17036 |    642 |   2270 |  12807 |  11 | 1607.1 |
          Lair |   1355 |   1318 |     37 |      0 |   1159 |   2 |  677.5 |
               +--------+--------+--------+--------+--------+-----+--------+

Top non-repeatable levels by time:
    D:11: 4350 daAuts
     D:6: 2151 daAuts
     D:3: 1798 daAuts
     D:9: 1620 daAuts
    D:10: 1454 daAuts
     D:2: 1341 daAuts
     D:1: 1303 daAuts
     D:8: 972 daAuts
     D:7: 945 daAuts
     D:5: 926 daAuts
  Lair:1: 845 daAuts
     D:4: 814 daAuts
  Lair:2: 510 daAuts
